 Dungeon Crawl Stone Soup version 0.22-a0-284-g99d1f74 (webtiles) character file.

37989 grizmgrazm2 the Destroyer (level 13, -1/93 HPs)
             Began as a Demonspawn Fire Elementalist on Mar 22, 2018.
             Was a High Priest of Sif Muna.
             Slain by an eight-headed hydra (8 damage)
             ... on level 5 of the Lair of Beasts.
             The game lasted 01:14:41 (19142 turns).

grizmgrazm2 the Destroyer (DsFE)                   Turns: 19142, Time: 01:14:42

Health: -1/93      AC: 13    Str:  8    XL:     13   Next: 61%
Magic:  0/28       EV: 14    Int: 21    God:    Sif Muna [*****.]
Gold:   736        SH:  5    Dex: 15    Spells: 5/34 levels left

rFire    . . .     SeeInvis +   C - +8 long sword "Axoto" {elec, rElec rN+}
rCold    . . .     Gourm    .   y - +0 buckler
rNeg     + . .     Faith    .   F - +2 robe {MR+}
rPois    .         Spirit   +   (helmet unavailable)
rElec    +         Reflect  .   (no cloak)
rCorr    .         Harm     .   A - +0 pair of gloves
MR       +....                  x - +2 pair of boots
Stlth    ++........             (no amulet)
HPRegen  0.25/turn              o - ring of wizardry
MPRegen  0.21/turn              g - +2 ring of protection

@: no status effects
A: antennae 3, molten scales 2, spiny 2, magic shield
a: Divine Energy, Channel Magic, Forget Spell, Renounce Religion


You were on level 5 of the Lair of Beasts.
You worshipped Sif Muna.
Sif Muna was extremely pleased with you.
You were not hungry.

You visited 2 branches of the dungeon, and saw 14 of its levels.
You also visited: Sewer.

You collected 736 gold pieces.

Inventory:

Hand Weapons
 C - the +8 long sword "Axoto" (weapon) {elec, rElec rN+}
   (You found it on level 4 of the Dungeon)

   Occasionally, upon striking a foe, it will discharge some electrical energy
   and cause terrible harm.
   It insulates you from electricity.
   It protects you from negative energy.
Missiles
 v - 43 stones (quivered)
Armour
 x - a +2 pair of boots (worn)
 y - a +0 buckler (worn)
 A - a +0 pair of gloves (worn)
 F - a +2 robe of magic resistance (worn)
Magical Staves
 f - an uncursed staff of wizardry
Jewellery
 g - a +2 ring of protection (right hand)
 h - an uncursed ring of positive energy
 l - a +3 ring of protection
 n - an uncursed amulet of harm
 o - a ring of wizardry (left hand)
 t - an uncursed ring of protection from magic
 B - an uncursed ring of fire {unknown}
 G - a +4 ring of evasion
Wands
 a - a wand of acid (22)
 k - a wand of iceblast (8)
 m - a wand of enslavement (12)
 s - a wand of random effects (24)
 w - a wand of polymorph (34)
 E - a wand of flame (11)
 I - a wand of digging (12)
Scrolls
 e - 5 scrolls of remove curse
 i - 3 scrolls of identify
 j - 5 scrolls of teleportation
 u - 3 scrolls of fog
 J - a scroll of noise
Potions
 b - 2 potions of might
 d - a potion of heal wounds
 p - a potion of cancellation
 q - 4 potions of curing
 r - a potion of magic
 z - a potion of brilliance
 D - a potion of flight
 H - a potion of agility {unknown}
 K - a potion of haste
Comestibles
 c - 17 rations


   Skills:
 - Level 5.7 Fighting
 - Level 3.7 Dodging
 - Level 1.7 Stealth
 - Level 3.9 Shields
 + Level 11.4 Spellcasting
 + Level 12.1 Conjurations
 + Level 6.8 Summonings
 - Level 11.6 Fire Magic


You had 5 spell levels left.
You knew the following spells:

 Your Spells              Type           Power        Failure   Level  Hunger
a - Flame Tongue          Conj/Fire      #####        1%          1    None
b - Conjure Flame         Conj/Fire      ######..     1%          3    None
c - Sticky Flame          Conj/Fire      ######..     1%          4    #......
d - Fireball              Conj/Fire      ######....   1%          5    ####...
e - Fire Storm            Conj/Fire      ######....   100%        9    #######
f - Spellforged Servitor  Conj/Summ      ######....   34%         7    #######


Dungeon Overview and Level Annotations

Branches:
Dungeon (8/15)             Temple (0/1) D:5            Lair (6/6) D:8
  Swamp (0/4) Lair:4        Snake (0/4) Lair:4
  Slime: Lair:5-6

Altars:
Ashenzari
Dithmenos
Elyvilon
Gozag
Kikubaaqudgha
Okawaru
Sif Muna
Trog
Uskayaw
Vehumet
Wu Jian
Yredelemnul
The Shining One

Annotations:
Lair:2 anet's ghost, adept GnWn
Lair:3 exclusion: 3 oklob plants


Innate Abilities, Weirdness & Mutations

You have a pair of large antennae on your head. (SInv)
You are mostly covered in molten scales. (AC +3)
You are mostly covered in sharp spines.
When hurt, damage is shared between your health and your magic reserves.


Message History

* * * LOW HITPOINT WARNING * * *
The eight-headed hydra bites you but does no damage.
The eight-headed hydra bites you.
* * * LOW HITPOINT WARNING * * *
Casting: Sticky Flame (safe; 1% risk of failure)
Confirm with . or Enter, or press ? or * to list all spells.
Aiming: Sticky Flame (safe; 1% risk of failure)
Press: ? - help, Shift-Dir - straight line, f/p - eight-headed hydra
Aim: an eight-headed hydra (severely wounded)
The sticky flame hits the eight-headed hydra.
The eight-headed hydra is almost dead.
The eight-headed hydra is covered in liquid flames!
The flames covering the eight-headed hydra go out.
The eight-headed hydra stops burning.
The eight-headed hydra is engulfed in a cloud of scalding steam.
You block the eight-headed hydra's attack.
The eight-headed hydra bites you!
* * * LOW HITPOINT WARNING * * *
The eight-headed hydra bites you!
You die...

P# #.##........##.....##.##..#.
## ###...#......#####.#######..
.## ###.'...⌠...## #.# ##. ..#
###........##### #. .## ####
####......## ##
..###..#######.#...⌠..#######
..........#.............#.⌠.##
...##.#................#.....###
...####.......⌠.@D.<.⌠.'..>.⌠#.##
.......#...............#......#..
.......................##.⌠.##...
..........#.####...⌠...###.#.###.
...........####.......#.##.####P.
...#.......#.........#.##### ###.
...............⌠...##.## #...
..................##...# #...
<÷#..#.#...'...........# #.P.


You could see an eight-headed hydra.

Vanquished Creatures
  Josephine (Lair:5)
  2 hydras
  A catoblepas (Lair:1)
  2 two-headed ogres
  14 death yaks
  8 elephants
  A black mamba (Lair:4)
  10 spiny frogs
  3 centaur skeletons
  A rime drake (Lair:4)
  3 komodo dragons
  A polar bear (Lair:3)
  Prince Ribbit (D:8)
  13 blink frogs
  10 hippogriffs
  5 dream sheep
  Sigmund (D:4)
  A spriggan (D:7)
  5 wraiths (Lair:5)
  Eustachio (D:4)
  A wyvern (Lair:4)
  14 yaks
  Grum (D:8)
  3 basilisks
  3 vampire mosquitoes (Lair:4)
  4 nagas (Lair:4)
  8 water moccasins
  17 porcupines
  2 orc warriors
  A sky beast (D:7)
  A phantom (D:7)
  2 black bears
  14 wolves
  3 ogres
  13 crocodiles
  2 centaurs
  10 bullfrogs
  4 scorpions
  The ghost of Kairos the Charmwright, a weakling GnSk (D:4)
  9 wights
  3 howler monkeys (D:8)
  3 crimson imps
  A bullfrog zombie (D:5)
  A centaur zombie (D:6)
  3 bullfrog skeletons
  A hound (D:8)
  4 orc priests
  5 orc wizards (D:8)
  Natasha (twice) (D:4)
  6 worker ants
  A hell rat (Lair:3)
  A killer bee zombie (D:8)
  13 adders
  A howler monkey skeleton (D:4)
  A river rat (D:4)
  2 shadow imps
  12 white imps (Lair:5)
  An ooze (D:1)
  2 adder skeletons
  A worm (D:5)
  A dart slug (D:3)
  6 leopard geckos
  25 orcs
  5 ball pythons
  5 giant cockroaches
  3 goblins
  5 hobgoblins
  17 jackals
  12 kobolds
  3 quokkas
  2 bats
  7 frilled lizards
  A jackal zombie (D:6)
  8 rats
361 creatures vanquished.

Vanquished Creatures (others)
  2 bushes (Lair:5)
  14 fungi
  17 plants
33 creatures vanquished.

Grand Total: 394 creatures vanquished

Notes
Turn   | Place    | Note
-------+----------+-------------------------------------------
     0 | D:1      | grizmgrazm2 the Demonspawn Fire Elementalist began the quest for the Orb.
     0 | D:1      | Reached XP level 1. HP: 13/13 MP: 3/3
   304 | D:1      | Gained mutation: When hurt, damage is shared between your health and your magic reserves. [demonic ancestry]
   304 | D:1      | Reached XP level 2. HP: 19/19 MP: 1/5
   832 | D:1      | Reached skill level 2 in Conjurations
   976 | D:1      | Gained mutation: You have a pair of small antennae on your head. [demonic ancestry]
   976 | D:1      | Reached XP level 3. HP: 24/24 MP: 2/6
  1715 | D:2      | Found a faded altar of an unknown god.
  1898 | D:2      | Found an ornate altar of the Wu Jian Council.
  1898 | D:2      | Found a shattered altar of Ashenzari.
  1900 | D:2      | Found an opulent altar of Gozag.
  1902 | D:2      | Found a glowing golden altar of the Shining One.
  1904 | D:2      | Found a hide-covered altar of Uskayaw.
  1904 | D:2      | Found an iron altar of Okawaru.
  1905 | D:2      | Found a deep blue altar of Sif Muna.
  1906 | D:2      | Found a basalt altar of Yredelemnul.
  1908 | D:2      | Found a white marble altar of Elyvilon.
  1922 | D:2      | Became a worshipper of Sif Muna the Loreminder
  2085 | D:2      | Learned a level 3 spell: Conjure Flame
  2135 | D:3      | Found a shadowy altar of Dithmenos.
  2407 | D:3      | Gained mutation: You have a pair of antennae on your head. [demonic ancestry]
  2407 | D:3      | Reached XP level 4. HP: 30/30 MP: 5/7
  2591 | D:3      | Reached skill level 3 in Conjurations
  2643 | D:3      | Found an iron altar of Okawaru.
  2896 | D:4      | Found a glowing drain.
  2903 | D:4      | Reached XP level 5. HP: 35/36 MP: 5/9
  2914 | Sewer    | Entered a sewer
  3670 | Sewer    | Reached skill level 1 in Fighting
  4403 | D:4      | Noticed Natasha
  4413 | D:4      | Learned a level 4 spell: Sticky Flame
  4427 | D:4      | Killed Natasha
  4468 | D:4      | Found a bloodstained altar of Trog.
  4537 | D:4      | Noticed Kairos's ghost (weakling GnSk)
  4555 | D:3      | Reached * piety under Sif Muna
  4874 | D:4      | Gained mutation: You have a pair of large antennae on your head. (SInv) [demonic ancestry]
  4874 | D:4      | Reached XP level 6. HP: 39/43 MP: 7/10
  4880 | D:4      | Noticed Sigmund
  4887 | D:4      | Killed Sigmund
  4913 | D:4      | Noticed Natasha
  5074 | D:4      | Killed Natasha
  5074 | D:4      | Reached skill level 1 in Shields
  5074 | D:4      | Reached skill level 4 in Conjurations
  5253 | D:4      | Gained mutation: You are partially covered in molten scales. (AC +2) [demonic ancestry]
  5253 | D:4      | Reached XP level 7. HP: 50/50 MP: 3/12
  5357 | D:4      | Killed Kairos's ghost
  5509 | D:4      | Noticed a two-headed ogre
  5858 | D:4      | Killed a two-headed ogre
  5858 | D:4      | Reached ** piety under Sif Muna
  5858 | D:4      | Reached skill level 5 in Conjurations
  5858 | D:4      | Reached skill level 5 in Fire Magic
  5858 | D:4      | Gained mutation: You are partially covered in sharp spines. [demonic ancestry]
  5858 | D:4      | Reached XP level 8. HP: 44/57 MP: 2/15
  5985 | D:4      | Noticed Eustachio
  6002 | D:4      | Killed Eustachio
  6002 | D:4      | Reached skill level 5 in Spellcasting
  6003 | D:4      | Found an ancient bone altar of Kikubaaqudgha.
  6141 | D:4      | Got an ichor-stained long sword
  6142 | D:4      | Identified the +8 long sword "Axoto" {elec, rElec rN+} (You found it on level 4 of the Dungeon)
  6261 | D:5      | Entered Level 5 of the Dungeon
  6267 | D:5      | Found a radiant altar of Vehumet.
  6347 | D:5      | Found a staircase to the Ecumenical Temple.
  6552 | D:5      | Learned a level 5 spell: Fireball
  7226 | D:6      | Reached skill level 6 in Conjurations
  7562 | D:7      | Reached *** piety under Sif Muna
  7562 | D:7      | Reached XP level 9. HP: 57/65 MP: 13/17
  7745 | D:7      | Found a deep blue altar of Sif Muna.
  8045 | D:7      | Reached skill level 7 in Conjurations
  8273 | D:7      | Reached **** piety under Sif Muna
  8525 | D:8      | Noticed Prince Ribbit
  8541 | D:8      | Killed Prince Ribbit
  8541 | D:8      | Gained mutation: You are mostly covered in molten scales. (AC +3) [demonic ancestry]
  8541 | D:8      | Reached XP level 10. HP: 73/73 MP: 14/20
  8713 | D:8      | Found a staircase to the Lair.
  9220 | D:8      | Noticed Grum
  9224 | D:8      | Killed Grum
  9229 | D:8      | Reached skill level 5 in Fighting
  9233 | D:8      | Reached skill level 8 in Conjurations
  9530 | D:8      | Noticed a two-headed ogre
  9534 | D:8      | Killed a two-headed ogre
  9946 | Lair:1   | Entered Level 1 of the Lair of Beasts
 10097 | Lair:1   | Reached ***** piety under Sif Muna
 10388 | Lair:1   | Reached XP level 11. HP: 75/81 MP: 19/23
 10486 | Lair:1   | Reached skill level 9 in Conjurations
 10493 | Lair:1   | Identified Sif Muna's Guide on Confrontation (Sif Muna gifted it to you on level 1 of the Lair of Beasts)
 10493 | Lair:1   | Received a gift from Sif Muna
 10505 | Lair:1   | Learned a level 9 spell: Fire Storm
 11343 | Lair:2   | Noticed a catoblepas
 11351 | Lair:1   | Killed a catoblepas
 11555 | Lair:2   | Noticed anet's ghost (adept GnWn)
 11931 | Lair:2   | Reached skill level 10 in Conjurations
 12526 | Lair:3   | Identified Sif Muna's Handbook of Beguiling and Orientation (Sif Muna gifted it to you on level 3 of the Lair of Beasts)
 12526 | Lair:3   | Received a gift from Sif Muna
 12533 | Lair:3   | Reached XP level 12. HP: 31/87 MP: 1/25
 12740 | Lair:3   | Reached skill level 10 in Fire Magic
 13839 | Lair:4   | Found a staircase to the Swamp.
 13960 | Lair:4   | Reached skill level 11 in Conjurations
 14295 | Lair:4   | Found a staircase to the Snake Pit.
 14444 | Lair:4   | Noticed a death yak
 14444 | Lair:4   | Noticed a death yak
 14445 | Lair:4   | Noticed a death yak
 14503 | Lair:4   | Killed a death yak
 14507 | Lair:4   | Killed a death yak
 14849 | Lair:4   | Received a gift from Sif Muna
 14859 | Lair:4   | Learned a level 7 spell: Spellforged Servitor
 14866 | Lair:4   | Reached skill level 1 in Summonings
 14992 | Lair:4   | Noticed a death yak
 14992 | Lair:4   | Noticed a death yak
 14992 | Lair:4   | Noticed a death yak
 14993 | Lair:4   | Killed a death yak
 15010 | Lair:4   | Killed a death yak
 15010 | Lair:4   | Reached skill level 10 in Spellcasting
 15355 | Lair:5   | Noticed a four-headed hydra
 15366 | Lair:5   | Killed a six-headed hydra
 15454 | Lair:5   | Noticed a death yak
 15455 | Lair:5   | Noticed a death yak
 15483 | Lair:5   | Killed a death yak
 15551 | Lair:5   | Killed a death yak
 15551 | Lair:5   | Gained mutation: You are mostly covered in sharp spines. [demonic ancestry]
 15551 | Lair:5   | Reached XP level 13. HP: 62/93 MP: 14/27
 16268 | Lair:5   | Reached skill level 5 in Summonings
 16586 | Lair:5   | Noticed Josephine
 16593 | Lair:5   | Killed Josephine
 16814 | Lair:5   | Identified Sif Muna's Compendium of Feathers (Sif Muna gifted it to you on level 5 of the Lair of Beasts)
 16814 | Lair:5   | Received a gift from Sif Muna
 18659 | Lair:4   | Reached skill level 12 in Conjurations
 19103 | Lair:6   | Entered Level 6 of the Lair of Beasts
 19142 | Lair:5   | Slain by an eight-headed hydra

Vault maps used:
D:1:      roderic_crop_circles_arrival_small, grunt_decor_clamped, st_stairs_7,
          bh_walls_and_bars
D:2:      minitemple, serial_bayou, serial_bayou_crossing, serial_bayou_ford_a,
          serial_bayou_shore_b, serial_bayou_pond_a, serial_bayou_lake_a,
          serial_bayou_pond_d, chequers_ecumenical_altar_simple
D:3:      lemuel_doored_altar, okawaru_metal_pillars_1_2
D:4:      lemuel_coloured_pillars_altar, nicolae_overflow_crystal_walls,
          first_ration, portal_sewer_entry_c, uniq_sigmund, uniq_natasha,
          uniq_eustachio
D:5:      vehumet_crystals, minmay_temple_entry_statues_pillars,
          minmay_misc_feat_nine_boxes, kennysheep_windowed_goal
D:7:      the_bakery, led_sif_pool
D:8:      dpeg_oklobed_lair, uniq_grum, uniq_prince_ribbit1
Lair:1:   infiniplex_staircase_pool_2
Lair:2:   grunt_megastairs_5
Lair:3:   grunt_megastairs_4, minmay_lair_oklob_chamber
Lair:4:   minmay_swamp_entry_swarm, minmay_snake_entry_guardpost_small,
          hangedman_lair_unloving_vines
Lair:5:   portal_ice_cave_entry_imps, grunt_megastairs_3, uniq_josephine
Lair:6:   minmay_lair_end_enchanted_forest, dpeg_slime_entry_corner,
          basic_altar, lemuel_fruit_fields, grunt_megastairs_1,
          serial_bayou_shore_a
Sewer:    sewer_co_scattered_pipes

Skill      XL: |  1  2  3  4  5  6  7  8  9 10 11 12 13 |
---------------+----------------------------------------+-----
Conjurations   | 2 3 4 5 6 7 8 10 11 12 | 12.1
Fire Magic     | 3 4 5 6 7 8 9 11 | 11.6
Dodging        | 2 3 |  3.7
Spellcasting   | 3 4 5 6 8 9 10 11 | 11.4
Fighting       | 1 2 3 4 5 |  5.7
Shields        | 1 2 3 |  3.9
Summonings     | 4 6 |  6.8
Stealth        | |  1.7

Action                   |  1- 3 |  4- 6 |  7- 9 | 10-12 | 13-15 || total
-------------------------+-------+-------+-------+-------+-------++-------
Melee: Unarmed           |     3 |       |       |       |       ||     3
       Club              |     9 |       |       |       |       ||     9
       Short sword       |    16 |    90 |    18 |       |       ||   124
       Long sword        |       |       |   113 |   254 |    80 ||   447
       Staff             |       |       |       |     2 |       ||     2
Throw: Stone             |    16 |    21 |    13 |    35 |     3 ||    88
 Cast: Flame Tongue      |    57 |    60 |    56 |    50 |       ||   223
       Conjure Flame     |     1 |     1 |     7 |    11 |     4 ||    24
       Sticky Flame      |       |     1 |     3 |    79 |    37 ||   120
       Fireball          |       |       |       |     5 |     4 ||     9
Evoke: Wand              |       |       |       |     3 |       ||     3
  Use: Scroll            |     6 |     8 |     5 |    10 |     3 ||    32
       Potion            |       |     5 |     3 |     4 |     3 ||    15
 Stab: Sleeping          |       |     2 |     3 |     5 |       ||    10
       Distracted        |       |       |     1 |       |       ||     1
  Eat: Chunk             |     5 |     5 |     6 |    26 |     1 ||    43
       Ration            |       |     2 |     1 |     1 |     4 ||     8
Armor: Robe              |    12 |    48 |    58 |    93 |    55 ||   266
Dodge: Dodged            |    44 |    72 |    85 |   246 |    73 ||   520
Block: Buckler           |       |     7 |    33 |    90 |    38 ||   168
       Rpst.: Long sword |       |       |    19 |    79 |     8 ||   106

Table legend:
 A = Spawn XP
 B = Non-spawn XP
 C = Spawn XP percentage of total XP
 D = Spawn monster count
 E = Non-spawn monster count
 F = Spawn count percentage of total count
 G = Total turns spent on level
                    A         B        C        D         E        F      G
               +---------+---------+-------+---------+---------+-------+---------
         Total |       0 |   54271 |   0.0 |       0 |     361 |   0.0 | 19142
               +---------+---------+-------+---------+---------+-------+---------
           D:1 |       0 |      53 |   0.0 |       0 |      27 |   0.0 |  1515
           D:2 |       0 |      24 |   0.0 |       0 |       7 |   0.0 |   611
           D:3 |       0 |     113 |   0.0 |       0 |      15 |   0.0 |  1114
           D:4 |       0 |    1685 |   0.0 |       0 |      24 |   0.0 |  1777
           D:5 |       0 |     211 |   0.0 |       0 |       8 |   0.0 |   599
           D:6 |       0 |     572 |   0.0 |       0 |      23 |   0.0 |   698
           D:7 |       0 |    2149 |   0.0 |       0 |      24 |   0.0 |   862
           D:8 |       0 |    3886 |   0.0 |       0 |      48 |   0.0 |  1526
        Lair:1 |       0 |    7995 |   0.0 |       0 |      35 |   0.0 |  1896
        Lair:2 |       0 |    2539 |   0.0 |       0 |      16 |   0.0 |   413
        Lair:3 |       0 |    6335 |   0.0 |       0 |      32 |   0.0 |  1503
        Lair:4 |       0 |   14379 |   0.0 |       0 |      35 |   0.0 |  2948
        Lair:5 |       0 |   13786 |   0.0 |       0 |      46 |   0.0 |  2413
        Lair:6 |       0 |     478 |   0.0 |       0 |       2 |   0.0 |    23
         Sewer |       0 |      66 |   0.0 |       0 |      19 |   0.0 |  1244
               +---------+---------+-------+---------+---------+-------+---------
